 Dungeon Crawl Stone Soup version 0.29-a0-550-g81e455f4c2 (webtiles) character file.

Game seed: 4854539621929473511

146152 Morbidden the Grappler (level 16, -5/150 HPs)
             Began as a Troll Fighter on June 5, 2022.
             Was the Champion of Cheibriados.
             Shot with an arrow by something (21 damage)
             ... in a wizard's laboratory.
             The game lasted 01:25:37 (30020 turns).

Morbidden the Grappler (Troll Fighter)             Turns: 30020, Time: 01:25:38

Health: -5/150     AC: 17    Str: 43    XL:     16   Next: 89%
Magic:  0/23       EV: 16    Int: 33    God:    Cheibriados [******]
Gold:   1255       SH:  0    Dex: 24    Spells: 4/26 levels left

rFire   + . .      SeeInvis .     - Unarmed
rCold   + . .      Faith    .   (shield currently unavailable)
rNeg    . . .      Spirit   +   A - +0 swamp dragon scales
rPois   +          Reflect  .   (helmet restricted)
rElec   .          Harm     .   d - scarf {rC+ rF+}
rCorr   .          Rampage  .   (gloves unavailable)
Will    +....                   (boots unavailable)
Stlth   +.........              R - amulet of Keluitt {Spirit Int+8}
HPRegen 1.15/turn               g - +4 ring of protection
MPRegen 0.18/turn               v - +4 ring of protection

@: confused, blade hands, ambrosia-drunk, invisible, very slow
A: large, unfitting armour, claws 3, regeneration 1, shaggy fur 1, tough skin 1
a: End Transformation, Renounce Religion, Bend Time, Temporal Distortion,
Slouch, Step From Time


You were in a wizard's laboratory.
You worshipped Cheibriados.
Cheibriados was exalted by your worship.
You had blades for hands.
You visited 6 branches of the dungeon, and saw 28 of its levels.
You also visited: Sewer, Bailey, Gauntlet, Ice Cave, Volcano and Wizlab.

You collected 2624 gold pieces.
You spent 1369 gold pieces at shops.

Inventory:

Hand Weapons
 a - a +0 rapier
 b - a +9 fustibalus of freezing
Missiles
 y - 15 poisoned darts
 C - 6 javelins
 D - a throwing net
 E - 4 boomerangs
 G - 37 large rocks (quivered)
Armour
 d - a scarf of resistance (worn)
 s - a +2 cloak of stealth
 A - +0 swamp dragon scales (worn)
 H - +1 fire dragon scales
Jewellery
 g - a +4 ring of protection (left blade hand)
 m - a ring of flight
 n - a ring of poison resistance
 v - a +4 ring of protection (right blade hand)
 I - a ring of protection from fire
 J - a ring of magical power
 M - an amulet of magic regeneration
 R - the amulet of Keluitt (around neck) {Spirit Int+8}
   (You bought it in a shop on level 2 of the Orcish Mines)

   [amulet of guardian spirit]

   It causes incoming damage to be divided between your reserves of health and
   magic.
   Int:       It affects your intelligence (+8).
 Z - a ring of magical power
Wands
 j - a wand of flame (26)
 l - a wand of digging (19)
 u - a wand of iceblast (21)
 B - a wand of mindburst (13)
 O - a wand of acid (6)
 W - a wand of paralysis (18)
Scrolls
 h - a scroll of teleportation
 k - 3 scrolls of poison
 t - 3 scrolls of amnesia
 F - 4 scrolls of vulnerability
 K - 4 scrolls of identify
 L - a scroll of silence
 N - 4 scrolls of fog
 Q - 2 scrolls of torment
 S - a scroll of brand weapon
Potions
 c - 6 potions of might
 f - a potion of resistance {unknown}
 i - 4 potions of attraction
 o - 10 potions of curing
 p - 5 potions of haste
 r - 3 potions of brilliance
 x - 8 potions of flight
 z - 5 potions of mutation
 P - a potion of cancellation
 U - 2 potions of ambrosia
 V - 5 potions of berserk rage
Miscellaneous
 w - a condenser vane
 X - a box of beasts (inert)


   Skills:
 * Level 7.9 Fighting
 + Level 5.9(7.2) Slings
 * Level 8.5(9.9) Throwing
 + Level 1.7 Armour
 * Level 9.2 Dodging
 + Level 2.2 Stealth
 + Level 2.8 Shields
 * Level 12.9 Unarmed Combat
 * Level 5.9 Spellcasting
 * Level 5.2 Conjurations
 * Level 5.2 Translocations
 * Level 5.5 Transmutations
 + Level 4.4 Ice Magic
 * Level 5.3 Air Magic
 * Level 2.5 Earth Magic
 * Level 8.5 Invocations
 * Level 5.5 Evocations


You had 4 spell levels left.
You knew the following spells:

 Your Spells              Type           Power      Damage    Failure   Level
a - Airstrike             Air            22%        N/A       36%         4
b - Ozocubu's Armour      Ice            39%        N/A       24%         3
c - Statue Form           Tmut/Erth      24%        N/A       99%         6
x - Blade Hands           Tmut           23%        N/A       56%         5
z - Iskenderun's Mystic   Conj/Tloc      44%        2d10      36%         4

Your spell library contained the following spells:

 Spells                   Type           Power      Damage    Failure   Level
 Shock                    Conj/Air       100%       1d9       13%         1
 Blink                    Tloc           88%        N/A       16%         2
 Passwall                 Tmut/Erth      30%        N/A       19%         2
 Sandblast                Erth           52%        2d12      21%         1
 Lesser Beckoning         Tloc           44%        N/A       21%         3
 Swiftness                Air            45%        N/A       21%         3
 Poisonous Vapours        Pois/Air       54%        N/A       24%         2
 Stone Arrow              Conj/Erth      70%        3d11      26%         3
 Slow                     Hex            36%        N/A       34%         1
 Dazzling Flash           Conj/Hex       54%        N/A       34%         3
 Petrify                  Tmut/Erth      36%        N/A       47%         4
 Confusing Touch          Hex            9%         N/A       58%         3
 Vampiric Draining        Necr           9%         2d6       58%         3
 Corpse Rot               Necr/Pois/Air  21%        N/A       69%         4
 Animate Armour           Summ/Erth      36%        N/A       75%         4
 Iskenderun's Battlesphe  Conj           44%        2d10      61%         5
 Manifold Assault         Tloc           44%        N/A       61%         5
 Fireball                 Conj/Fire      13%        3d7       85%         5
 Metabolic Englaciation   Hex/Ice        12%        N/A       88%         5
 Conjure Ball Lightning   Conj/Air       22%        3x3d6     95%         6
 Dispersal                Tloc           22%        N/A       95%         6
 Iron Shot                Conj/Erth      17%        9d4       99%         6
 Simulacrum               Ice/Necr       12%        N/A       100%        6
 Starburst                Conj/Fire      13%        6d6       100%        6
 Orb of Destruction       Conj           22%        9d8       100%        7
 Ozocubu's Refrigeration  Ice            19%        4d8       100%        7
 Disjunction              Tloc           22%        N/A       100%        8


Dungeon Overview and Level Annotations

Branches:
Dungeon (15/15)            Temple (1/1) D:4            Lair (6/6) D:8
  Swamp (3/4) Lair:2       Spider (0/4) Lair:3        Slime (0/5) Lair:5
    Orc (2/2) D:9             Elf (1/3) Orc:2        Vaults (0/5) D:13
 Depths (0/4) D:15          Sewer (visited)          Bailey (visited)
  IceCv (visited)         Volcano (visited)          WizLab (1/1)
Gauntlet (visited)

Altars:
Ashenzari
Cheibriados
Dithmenos
Elyvilon
Fedhas
Gozag
Hepliaklqana
Kikubaaqudgha
Makhleb
Nemelex Xobeh
Okawaru
Qazlal
Sif Muna
Trog
Uskayaw
Vehumet
Wu Jian
Xom
Yredelemnul
Zin
The Shining One
Beogh
Jiyva

Shops:
D:3 (   D:5 (   Orc:2 *?=?=:!:   Elf:1 :(:

Annotations:
D:8 3 runed translucent doors, mora's ghost, novice OpCj
D:10 Erolcha; Josephine; Nergalle
D:14 2 transporters, Shavain's ghost, journeyman TrFi
Lair:2 Urug
Lair:5 1 runed translucent door, Gacs's ghost, journeyman FoFi
Swamp:3 1 transporter, Daesiph's ghost, adept MiBe
Orc:2 1 exclusion


Innate Abilities, Weirdness & Mutations

You have blades for hands.
Your spellcasting is less reliable in this form.
You are incapable of wielding weapons or throwing items.
You are too large for most types of armour.
You have claws for hands.
Your natural rate of healing is unusually fast.
You are covered in fur. (AC +1)
You have tough skin. (AC +1)


Message History

An arrow appears from out of thin air!
The arrow hits you!
* * * LOW HITPOINT WARNING * * *
Unknown command.
Unknown command.
You feel much better.
You hear a loud twanging sound.
An arrow appears from out of thin air!
The arrow hits you!!
* * * LOW HITPOINT WARNING * * *
Something hits you!
* * * LOW HITPOINT WARNING * * *
Unknown command.
Unknown command.
You fade into invisibility!
You hear a loud twanging sound.
An arrow appears from out of thin air!
The arrow barely misses you.
Unknown command.
Unknown command.
Unknown command.
You are confused.
You feel invigorated.
You hear a loud twanging sound.
An arrow appears from out of thin air!
The arrow hits you!
* * * LOW HITPOINT WARNING * * *
Unknown command.
Unknown command.
You miss something.
You hear a loud twanging sound.
An arrow appears from out of thin air!
The arrow closely misses you.
You hear a loud twanging sound.
An arrow appears from out of thin air!
The arrow hits you!
* * * LOW HITPOINT WARNING * * *
Unknown command.
Unknown command.
Unknown command.
You hear a loud twanging sound.
An arrow appears from out of thin air!
The arrow hits you.
* * * LOW HITPOINT WARNING * * *
You hear a loud twanging sound.
An arrow appears from out of thin air!
The arrow hits you!!
You die...

...♣#.....#♣.f.........♣
.......P..(..P....♣...♣♣
...♣...⌠...♣...♣.....♣♣ ♣♣
♣♣.....♣♣♣♣♣♣♣...♣♣
♣♣♣♣♣♣♣♣♣♣⌠.⌠♣♣♣♣♣♣♣♣♣♣♣♣
♣♣♣♣........).N..........♣♣♣♣♣
.............)[..............♣♣
..♣♣♣♣♣♣♣♣♣♣♣♣{♣♣♣♣♣♣♣♣♣♣♣♣....
♣♣♣.).@)..♣♣♣ ♣♣♣♣♣♣...
♣♣♣...8)..8...♣♣♣......♣♣
.........∩.∩.............♣♣
♣♣......8...8......♣♣♣...♣♣
♣♣♣♣♣♣.......♣♣♣♣♣♣ ♣♣♣...
♣♣♣♣♣♣)♣♣♣♣♣♣♣♣♣♣♣♣....
......................♣♣
.......♣.........)♣♣♣♣♣
♣♣♣♣♣♣♣♣♣♣♣♣♣♣♣♣♣♣♣


You could see a naga sharpshooter.

Vanquished Creatures
  Frances (Swamp:1)
  A thorn hunter (WizLab)
  2 fenstrider witches
  A stone giant (Volcano)
  2 eleionomae
  Azrael (D:15)
  The ghost of Luiriw the Brawler, a journeyman TrMo of Elyvilon (Lair:3)
  A minotaur (Gauntlet)
  A deep elf death mage (Elf:1)
  Fannar (Lair:2)
  4 vault guards (D:13)
  13 hydras
  A spriggan air mage (Swamp:3)
  9 centaur warriors
  2 catoblepae (D:15)
  9 two-headed ogres
  An ogre mage (D:15)
  A ghost crab (Swamp:2)
  2 dancing weapons (Elf:1)
  A satyr (WizLab)
  7 alligators
  7 death yaks
  3 tengu warriors
  9 orc high priests
  2 deep elf knights (Elf:1)
  2 naga sharpshooters (WizLab)
  2 skeletal warriors
  3 goliath frogs
  2 swamp dragons (Swamp:2)
  A spriggan druid (Swamp:3)
  4 deep elf archers
  4 bog bodies
  A lindwurm (Lair:5)
  A phantasmal warrior (D:14)
  A shadow dragon zombie (D:15)
  5 deep elf pyromancers
  A wolf spider (Lair:6)
  A necromancer (D:15)
  6 ugly things
  3 deep elf zephyrmancers (Elf:1)
  An orc sorcerer (Orc:2)
  2 manticores (D:15)
  5 fauns (WizLab)
  A will-o-the-wisp (Swamp:1)
  8 cyclopes
  14 elephants
  12 black mambas
  A centaur zombie (Gauntlet)
  Joseph (D:8)
  3 ice statues (IceCv)
  2 molten gargoyles (Volcano)
  A guardian serpent (Lair:6)
  2 gargoyles (Volcano)
  15 cane toads
  3 efreet
  11 komodo dragons
  A minotaur zombie (Gauntlet)
  9 rime drakes
  2 yaktaurs (WizLab)
  A tengu conjurer (Gauntlet)
  2 queen bees
  A meliai (D:15)
  8 trolls
  A queen bee (shapeshifter) (D:15)
  A polar bear (Lair:5)
  9 tyrant leeches
  9 hornets
  A hornet (shapeshifter) (D:13)
  10 blink frogs
  Prince Ribbit (D:8)
  9 slime creatures
  An ettin zombie (D:15)
  A tarantella (shapeshifter) (D:15)
  An air elemental (Elf:1)
  A culicivora (shapeshifter) (D:15)
  2 shadows
  2 ettin skeletons (D:15)
  3 wraiths (D:13)
  A dire elephant simulacrum (IceCv)
  12 spriggans
  A water elemental (D:14)
  13 wyverns
  5 fire bats
  52 yaks
  4 fire elementals
  5 basilisks
  3 death yak simulacra (IceCv)
  4 steam dragons
  3 redbacks (Lair:6)
  25 vampire mosquitoes
  3 harpy simulacra
  10 swamp worms
  19 water moccasins
  2 wargs (Orc:2)
  5 acid dragons
  2 hell hounds (D:15)
  20 orc warriors
  A black bear (shapeshifter) (D:14)
  4 ice beasts
  2 black bears
  8 ogres
  12 centaurs
  12 wolves
  A kobold brigand (D:7)
  19 bullfrogs
  3 scorpions
  2 necrophages
  A cane toad simulacrum (IceCv)
  2 gnoll sergeants
  An elephant simulacrum (IceCv)
  31 killer bees
  10 electric eels
  6 howler monkeys
  7 lava snakes (Volcano)
  2 jellies
  40 orc priests
  4 hounds
  4 iguanas
  23 orc wizards
  A statue (D:6)
  14 adders
  10 gnolls
  4 river rats (Sewer)
  4 shadow imps
  An ufetubus (D:7)
  7 worms
  2 dart slugs (D:5)
  97 orcs
  15 bats
  10 endoplasms
  3 giant cockroaches
  6 goblins
  7 hobgoblins
  5 jackals
  11 kobolds
  8 quokkas
  3 training dummies (D:5)
  8 ball pythons
  5 frilled lizards
  3 rats
886 creatures vanquished.

Vanquished Creatures (collateral kills)
  A hydra (Lair:2)
  A two-headed ogre (D:15)
  A swamp dragon (Swamp:3)
  A spriggan (Swamp:3)
  A vampire mosquito (Swamp:1)
  An ogre (D:15)
  A wolf (Lair:2)
  3 bullfrogs (Lair:2)
10 creatures vanquished.

Vanquished Creatures (others)
  An ugly thing (D:15)
  A tengu conjurer (Gauntlet)
  A bloated husk (Swamp:1)
  An orc wizard (Orc:1)
  3 bushes
  20 foxfires
  49 fungi
  107 plants
  5 withered plants
188 creatures vanquished.

Grand Total: 1084 creatures vanquished

Notes
Turn   | Place    | Note
-------+----------+-------------------------------------------
     0 | D:1      | Morbidden the Troll Fighter began the quest for the Orb.
     0 | D:1      | Reached XP level 1. HP: 22/22 MP: 0/0
    91 | D:1      | Reached XP level 2. HP: 23/29 MP: 1/1
   156 | D:1      | Found a faded altar of an unknown god.
   156 | D:1      | Noticed a shining eye
   159 | D:1      | Noticed a floating eye
   159 | D:1      | Noticed an eye of devastation
   159 | D:1      | Noticed an eye of devastation
   820 | D:2      | Reached XP level 3. HP: 33/36 MP: 2/2
   970 | D:2      | You fall into a shaft and drop 1 floor!
   970 | D:3      | Found Teoz's Antique Weapon Boutique.
  1284 | D:2      | Reached XP level 4. HP: 41/44 MP: 3/3
  1585 | D:2      | Reached skill level 3 in Unarmed Combat
  1762 | D:3      | Found a hazy altar of Hepliaklqana.
  1911 | D:3      | Identified the +8 broad axe "Esu Wikh" {venom, Will+ Str-5
                  | SInv}
  2094 | D:4      | Found a staircase to the Ecumenical Temple.
  2113 | Temple   | Entered the Ecumenical Temple
  2199 | Temple   | Became a worshipper of Cheibriados the Contemplative
  2518 | D:4      | Reached XP level 5. HP: 15/52 MP: 4/4
  2527 | D:4      | Reached skill level 4 in Unarmed Combat
  2577 | D:4      | Noticed an ice beast
  2591 | D:4      | Killed an ice beast
  2592 | D:4      | Reached skill level 1 in Throwing
  2592 | D:4      | Reached XP level 6. HP: 54/59 MP: 4/6
  2769 | D:5      | Entered Level 5 of the Dungeon
  2769 | D:5      | Noticed an orc warrior
  2865 | D:5      | Reached skill level 1 in Invocations
  2898 | D:5      | Killed an orc warrior
  2899 | D:5      | Reached skill level 5 in Unarmed Combat
  2899 | D:5      | Reached skill level 1 in Spellcasting
  2908 | D:5      | Learned a level 3 spell: Ozocubu's Armour
  2920 | D:5      | Reached * piety under Cheibriados
  2922 | D:5      | Reached XP level 7. HP: 66/67 MP: 7/7
  3015 | D:5      | Found a glowing drain.
  3025 | Sewer    | Entered a sewer
  3263 | Sewer    | Reached ** piety under Cheibriados
  3715 | D:5      | Found a shimmering altar of Xom.
  4103 | D:5      | Found Zeatic's Firing Range.
  4158 | D:5      | Bought 5 boomerangs for 27 gold pieces
  4158 | D:5      | Bought 2 javelins for 17 gold pieces
  4203 | D:5      | Bought a +0 fustibalus for 165 gold pieces
  4285 | D:6      | Identified a scroll of acquirement
  4285 | D:6      | Acquired a ring of poison resistance
  4312 | D:6      | Reached *** piety under Cheibriados
  4313 | D:6      | Reached skill level 6 in Unarmed Combat
  4340 | D:6      | Reached XP level 8. HP: 72/75 MP: 9/9
  4460 | D:6      | Reached skill level 1 in Ice Magic
  4488 | D:6      | Reached skill level 1 in Stealth
  4609 | D:6      | Found a white marble altar of Elyvilon.
  4685 | D:6      | Reached skill level 7 in Unarmed Combat
  4922 | D:6      | Found a radiant altar of Vehumet.
  5055 | D:6      | Reached **** piety under Cheibriados
  5724 | D:7      | Reached skill level 1 in Slings
  5728 | D:7      | Found a flagged portal.
  5749 | Bailey   | Entered a bailey
  5850 | Bailey   | Reached XP level 9. HP: 60/84 MP: 9/11
  5897 | Bailey   | Noticed a two-headed ogre
  5914 | Bailey   | Killed a two-headed ogre
  5915 | Bailey   | Reached skill level 5 in Dodging
  6417 | D:7      | Reached XP level 10. HP: 87/94 MP: 12/12
  6423 | D:7      | Reached skill level 8 in Unarmed Combat
  6731 | D:7      | Reached ***** piety under Cheibriados
  7063 | D:8      | Noticed Prince Ribbit
  7072 | D:8      | Killed Prince Ribbit
  7136 | D:8      | Learned a level 4 spell: Airstrike
  7206 | D:8      | Found a staircase to the Lair.
  7290 | D:8      | Noticed mora's ghost (novice OpCj)
  7318 | D:8      | Found a runed translucent gate.
  7318 | D:8      | Found a runed translucent gate.
  7318 | D:8      | Found a runed translucent gate.
  7419 | D:8      | Noticed Joseph
  7437 | D:8      | Killed Joseph
  7809 | D:9      | Noticed a two-headed ogre
  7839 | D:9      | Killed a two-headed ogre
  8291 | D:9      | Reached skill level 5 in Fighting
  8295 | D:9      | Reached skill level 1 in Air Magic
  8432 | D:9      | Reached XP level 11. HP: 102/102 MP: 14/14
  8443 | D:9      | Found a staircase to the Orcish Mines.
  8566 | D:9      | Found a shadowy altar of Dithmenos.
  8594 | D:10     | Entered Level 10 of the Dungeon
  8594 | D:10     | Noticed Josephine
  8594 | D:10     | Noticed Nergalle
  8649 | D:10     | Learned a level 5 spell: Blade Hands
  8704 | D:10     | Reached skill level 1 in Evocations
  8850 | D:10     | Noticed Erolcha
  9085 | D:10     | Identified the +5 great mace of Fanyes {holy, Fly Dex+7}
  9343 | Lair:1   | Entered Level 1 of the Lair of Beasts
  9438 | Lair:1   | Found a dark tunnel.
  9452 | Volcano  | Entered a volcano
  9527 | Volcano  | Reached ****** piety under Cheibriados
  9652 | Volcano  | Found a radiant altar of Vehumet.
  9658 | Volcano  | Reached skill level 1 in Transmutations
  9662 | Volcano  | Reached skill level 5 in Invocations
  9665 | Volcano  | Reached skill level 9 in Unarmed Combat
  9677 | Volcano  | Noticed a stone giant
  9687 | Volcano  | Killed a stone giant
  9757 | Volcano  | Reached skill level 5 in Throwing
 10854 | Lair:2   | Reached XP level 12. HP: 110/111 MP: 15/15
 10959 | Lair:2   | Found a staircase to the Swamp.
 10987 | Lair:2   | Noticed an eight-headed hydra
 10994 | Lair:2   | Killed an eight-headed hydra
 11069 | Lair:2   | Noticed Fannar
 11099 | Lair:2   | Killed Fannar
 11131 | Lair:2   | Noticed Urug
 11774 | Lair:3   | Found a hole to the Spider Nest.
 11831 | Lair:3   | Reached skill level 10 in Unarmed Combat
 11836 | Lair:3   | Learned a level 4 spell: Iskenderun's Mystic Blast
 11933 | Lair:3   | Noticed a death yak
 11944 | Lair:3   | Noticed a seven-headed hydra
 11945 | Lair:3   | Noticed a death yak
 11945 | Lair:3   | Noticed a death yak
 12157 | Lair:3   | Found a runed translucent gate.
 12157 | Lair:3   | Found a runed translucent gate.
 12157 | Lair:3   | Found a runed translucent gate.
 12199 | Lair:3   | Reached skill level 1 in Conjurations
 12239 | Lair:3   | Reached skill level 1 in Translocations
 13412 | Lair:5   | Reached XP level 13. HP: 120/120 MP: 14/17
 13446 | Lair:5   | Found a runed translucent gate.
 13446 | Lair:5   | Found a runed translucent gate.
 13446 | Lair:5   | Found a runed translucent gate.
 13448 | Lair:5   | Noticed Gacs's ghost (journeyman FoFi)
 14210 | Lair:5   | Found a runed translucent door.
 14211 | Lair:5   | Found a viscous altar of Jiyva.
 14211 | Lair:5   | Found a staircase to the Slime Pits.
 14417 | Lair:6   | Entered Level 6 of the Lair of Beasts
 14522 | Lair:5   | Reached skill level 11 in Unarmed Combat
 14905 | Lair:6   | Identified the ring "Jyqeiq" {Fire rPois Int+7 Dex-4}
 15415 | Lair:6   | Reached XP level 14. HP: 131/131 MP: 19/19
 15625 | Lair:6   | Found a radiant altar of Vehumet.
 15641 | Lair:6   | Identified the +9 scale mail of Tefiboq {rF+ Slay+2}
 16116 | Lair:3   | Noticed Luiriw's ghost (journeyman TrMo)
 16409 | D:11     | Found a frozen archway.
 16443 | IceCv    | Entered an ice cave
 16490 | IceCv    | Identified the +3 quarterstaff of the Briny Deep {vorpal,
                  | rN+ Will+}
 16716 | IceCv    | Reached skill level 5 in Slings
 18216 | D:13     | Found a gate leading to a gauntlet.
 18226 | Gauntlet | Entered a Gauntlet
 18226 | Gauntlet | Found a transporter.
 18226 | Gauntlet | Found a transporter.
 18226 | Gauntlet | Found a runed translucent door.
 18226 | Gauntlet | Found a runed translucent gate.
 18226 | Gauntlet | Found a runed translucent gate.
 18226 | Gauntlet | Found a runed translucent gate.
 18234 | Gauntlet | Found a transporter.
 18238 | Gauntlet | Found a transporter.
 18249 | Gauntlet | Found a transporter.
 18251 | Gauntlet | Found a transporter.
 18259 | Gauntlet | Found a transporter.
 18272 | Gauntlet | Found a transporter.
 18289 | Gauntlet | Found a transporter.
 18293 | Gauntlet | Found a transporter.
 18301 | Gauntlet | Found a transporter.
 18305 | Gauntlet | Found a transporter.
 18307 | Gauntlet | Found a runed translucent door.
 18363 | Gauntlet | HP: 2/131 [tengu conjurer/bolt of lightning (25)]
 18539 | Gauntlet | Identified the +1 robe "Amuynog" {rPois Stlth+}
 18596 | Gauntlet | Identified the +6 scale mail "Delaz" {rCorr Dex+4}
 18986 | D:13     | Reached skill level 12 in Unarmed Combat
 19170 | D:13     | Reached XP level 15. HP: 79/140 MP: 20/20
 19448 | D:13     | Found a gate to the Vaults.
 20234 | D:14     | Found a basalt altar of Yredelemnul.
 20876 | D:14     | Found a transporter.
 20877 | D:14     | Found a transporter.
 20880 | D:14     | Noticed Shavain's ghost (journeyman TrFi)
 21039 | D:14     | Found a snail-covered altar of Cheibriados.
 21373 | D:15     | Entered Level 15 of the Dungeon
 21660 | D:15     | Found a staircase to the Depths.
 21923 | D:15     | Reached skill level 5 in Spellcasting
 21926 | D:15     | Noticed Azrael
 21936 | D:15     | Killed Azrael
 22852 | Orc:1    | Entered Level 1 of the Orcish Mines
 23007 | Orc:2    | Entered Level 2 of the Orcish Mines
 23080 | Orc:2    | Found Qujysaho's Jewellery Boutique.
 23154 | Orc:2    | Found Tomaa's Book Shop.
 23464 | Orc:1    | Found a shimmering altar of Xom.
 23900 | Orc:2    | Found Qeats's Jewellery Boutique.
 23900 | Orc:2    | Found Cuoheor's Magic Scroll Shoppe.
 23919 | Orc:2    | Bought a scroll of enchant weapon for 112 gold pieces
 23919 | Orc:2    | Bought a scroll of teleportation for 45 gold pieces
 24032 | Orc:2    | Found a staircase to the Elven Halls.
 24185 | Orc:2    | Found Tewes's Distillery.
 24185 | Orc:2    | Found Bopui's Book Shoppe.
 24421 | Orc:2    | Found Gamnos's Magic Scroll Shop.
 24429 | Orc:2    | Bought a scroll of poison for 52 gold pieces
 24429 | Orc:2    | Bought a scroll of summoning for 142 gold pieces
 24469 | Orc:2    | Found Ilipn's General Store.
 24478 | Orc:2    | Bought a scroll of magic mapping for 56 gold pieces
 24578 | Orc:2    | Bought the amulet of Keluitt {Spirit Int+8} for 753 gold
                  | pieces
 24590 | Orc:2    | Learned a level 6 spell: Statue Form
 24950 | Swamp:1  | Entered Level 1 of the Swamp
 25179 | Swamp:1  | Reached skill level 5 in Evocations
 25591 | Swamp:1  | Reached XP level 16. HP: 116/149 MP: 16/22
 25753 | Swamp:1  | Noticed Frances
 25777 | Swamp:1  | Killed Frances
 26412 | Swamp:1  | Reached skill level 1 in Earth Magic
 26861 | Swamp:2  | Reached skill level 5 in Transmutations
 27326 | Swamp:2  | Reached skill level 5 in Air Magic
 27859 | Swamp:3  | Reached skill level 1 in Armour
 28400 | Swamp:3  | Found a transporter.
 28410 | Swamp:3  | Found a bloodstained altar of Trog.
 28414 | Swamp:3  | Noticed Daesiph's ghost (adept MiBe)
 28459 | Swamp:3  | Reached skill level 5 in Conjurations
 28901 | Lair:3   | Killed Luiriw's ghost
 29288 | Elf:1    | Entered Level 1 of the Elven Halls
 29312 | Elf:1    | Reached skill level 5 in Translocations
 29354 | Elf:1    | Found Jafeoz's Book Emporium.
 29354 | Elf:1    | Found Cufiehunish's Weapon Shoppe.
 29377 | Elf:1    | Found Yxoes's Book Emporium.
 29452 | Elf:1    | Found a magical portal.
 29458 | WizLab   | Entered Eringya's Formal Garden
 29484 | WizLab   | HP: 7/150 [faun/+0 club (13)]
 29745 | WizLab   | Noticed a thorn hunter
 29756 | WizLab   | Killed a thorn hunter
 30001 | WizLab   | Noticed a deep elf master archer
 30020 | WizLab   | Shot with an arrow by something

Illustrated notes

Levels and vault maps discovered:
D:1:      dpeg_arrival_connections, layout_basic,
          hellmonk_ecumenical_altar_watching_god
D:2:      layout_basic, minmay_distorted
D:3:      layout_rooms, nicolae_hepliaklqana_hazy_memory,
          nicolae_overflow_hidden_temple, serial_shops, shop,
          kennysheep_generic_room_14
D:4:      layout_rooms, minmay_temple_entry_purple_smoke, serial_bayou_lagoon_a
D:5:      layout_basic, mainiacjoe_overflow_cross_hatched, portal_sewer_entry_d,
          nicolae_shop_firing_range
D:6:      layout_layer_cave, nicolae_elyvilon_temple_path, vehumet_statue
D:7:      layout_loops_corners, serial_glass, glass_columns_c, glass_columns_b,
          enter_bailey_5
D:8:      layout_rooms, lair_entry_dummy, gammafunk_ghost_icy, uniq_joseph,
          uniq_prince_ribbit1
D:9:      layout_roguey, grunt_dithmenos_smoke_and_mirrors, david_orc_4
D:10:     layout_roguey, uniq_josephine, uniq_erolcha, uniq_nergalle
D:11:     layout_basic, portal_ice_cave_rime, special_room [special_room_bee]
D:12:     layout_cave_pools, columned_hall_lemuel
D:13:     layout_layer_cave, lightli_vaults_fourway_checkpoint,
          gauntlet_entry_generic
D:14:     layout_long_grid, yredelemnul_altar_generic, serial_bayou,
          serial_bayou_lake_a, serial_bayou_shore_a, serial_bayou_shore_b,
          serial_bayou_pond_c, serial_bayou_crossing, gammafunk_ghost_hive,
          slow_altar_1
D:15:     gammafunk_depths_entry_grave, layout_basic, skrybe_limestone_x,
          minmay_pinched_square, uniq_azrael
Temple:   eino_temple_rhombus
Lair:1:   layout_regular_city, nicolae_volcano_entry_batcave,
          grunt_forest_small_clearing_treed
Lair:2:   layout_big_grid, swamp_mist, chequers_serial_rivers_room_b,
          minivault_25, beast_lair_carwin_8, grunt_megastairs_2, uniq_fannar,
          uniq_urug
Lair:3:   layout_gridlike, dummy_spider_entry, ebering_ghost_rock_garden,
          grunt_megastairs_3
Lair:4:   layout_loops_ring, minmay_holes
Lair:5:   layout_cave_pods, slime_altar_2, gammafunk_ghost_hydra_chop,
          serial_rivers, chequers_serial_rivers_large_b,
          chequers_serial_rivers_marsh, chequers_serial_rivers_large_a,
          chequers_serial_rivers_micro_d, chequers_serial_rivers_room_b,
          chequers_serial_rivers_room_b
Lair:6:   hangedman_lair_tendril_chambers, layout_misc_corridors, basic_altar,
          st_stairs_10, infiniplex_staircase_pool_2
Swamp:1:  layout_basic_swamp, evilmike_swamp_ruin_rubble_2, uniq_frances
Swamp:2:  layout_basic_swamp, infiniplex_staircase_pool
Swamp:3:  layout_falls_marsh, gammafunk_ghost_wrathful_warriors,
          evilmike_swamp_ruin_house_2
Orc:1:    layout_caves, basic_altar
Orc:2:    st_orc_town, layout_caves, serial_shops, shop,
          nicolae_shop_waterfront, shop_fountains, nicolae_shop_trees,
          basic_altar
Elf:1:    layout_geoelf_octagon, mu_enter_wizlab_4, orc_legates,
          lemuel_upstairs_altar, minmay_shop_star
WizLab:   wizlab_eringya

Skill      XL: |  1  2  3  4  5  6  7  8  9 10 11 12 13 14 15 16 |
---------------+-------------------------------------------------+-----
Dodging        | 3 4 5 6 7 8 9 |  9.2
Unarmed Combat | 3 4 5 6 7 8 9 10 11 12 | 12.9
Throwing       | 1 2 3 4 5 6 7 8 |  8.5
Fighting       | 3 4 5 6 7 |  7.9
Invocations    | 1 2 3 4 5 6 7 8 |  8.5
Spellcasting   | 1 2 3 4 5 |  5.9
Ice Magic      | 1 2 3 4 |  4.4
Stealth        | 1 2 |  2.2
Slings         | 1 2 3 4 5 |  5.9
Air Magic      | 1 2 3 4 5 |  5.3
Evocations     | 2 3 4 5 |  5.5
Transmutations | 1 2 3 4 5 |  5.5
Conjurations   | 1 2 3 4 5 |  5.2
Translocations | 1 3 4 5 |  5.2
Earth Magic    | 2 |  2.5
Armour         | 1 |  1.7
Shields        | |  2.8

Action                   |  1- 3 |  4- 6 |  7- 9 | 10-12 | 13-15 | 16-18 || total
-------------------------+-------+-------+-------+-------+-------+-------++-------
Melee: Unarmed           |   112 |   122 |   214 |   477 |   837 |   190 ||  1952
       Punch             |     2 |     5 |     7 |    34 |    71 |    17 ||   136
 Fire: Fustibalus        |       |       |    58 |   221 |   540 |    76 ||   895
Throw: Stone             |    43 |    59 |    51 |       |       |       ||   153
       Boomerang         |       |       |     7 |    21 |    96 |    55 ||   179
       Large rock        |       |       |       |       |     9 |    33 ||    42
       Javelin           |       |       |       |       |     7 |     4 ||    11
       Throwing net      |       |       |       |       |     1 |       ||     1
 Cast: Ozocubu's Armour  |       |       |       |    14 |    28 |       ||    42
       Iskenderun's Myst |       |       |       |       |    19 |    36 ||    55
       Airstrike         |       |       |       |       |    38 |    56 ||    94
       Blade Hands       |       |       |       |       |     3 |     4 ||     7
Invok: Slouch            |       |       |       |       |     7 |     2 ||     9
       Step From Time    |       |       |       |       |     1 |     1 ||     2
Evoke: Wand              |       |       |     9 |       |    20 |     9 ||    38
       Box of beasts     |       |       |       |       |     2 |     3 ||     5
       Condenser vane    |       |       |       |       |     1 |     1 ||     2
  Use: Potion            |       |     5 |       |       |     9 |    16 ||    30
       Scroll            |       |     6 |    12 |     8 |    19 |    11 ||    56
 Stab: Sleeping          |     1 |       |       |     7 |     1 |     2 ||    11
       Distracted        |       |       |       |     1 |     1 |       ||     2
       Petrified         |       |       |       |       |     3 |       ||     3
Armor: Robe              |    55 |    30 |    59 |       |       |       ||   144
       Skin              |       |     9 |       |       |       |       ||     9
       Steam dragon scal |       |       |    29 |   249 |   635 |    78 ||   991
       Fire dragon scale |       |       |       |    29 |       |       ||    29
       Swamp dragon scal |       |       |       |       |       |    95 ||    95
Dodge: Dodged            |    53 |    63 |   214 |   450 |   927 |   292 ||  1999
Block: Kite shield       |    15 |       |       |       |       |       ||    15

Table legend: (Time is in decaauts)
 A = Elapsed time spent in this place.
 B = Non-inter-level travel time spent in this place.
 C = Inter-level travel time spent in this place.
 D = Time resting spent in this place.
 E = Time spent auto-exploring this place.
 F = Levels seen in this place.
 G = Mean time per level.
                   A        B        C        D        E       F      G
               +--------+--------+--------+--------+--------+-----+--------+
         Total |  46275 |  42395 |   3880 |   2852 |  29955 |  34 | 1361.0 |
       Dungeon |  22405 |  20296 |   2109 |    606 |  15879 |  15 | 1493.7 |
        Temple |    109 |     88 |     21 |      0 |     71 |   1 |  109.0 |
          Lair |  11683 |  10369 |   1314 |    352 |   8110 |   6 | 1947.2 |
         Swamp |   4665 |   4422 |    243 |   1227 |   2428 |   3 | 1555.0 |
  Orcish Mines |   2887 |   2697 |    190 |     60 |   1938 |   2 | 1443.5 |
   Elven Halls |    260 |    260 |      0 |      0 |      0 |   1 |  260.0 |
         Sewer |    998 |    998 |      0 |      0 |    763 |   1 |  998.0 |
        Bailey |    429 |    429 |      0 |     37 |    152 |   1 |  429.0 |
      Ice Cave |    516 |    516 |      0 |    145 |     46 |   1 |  516.0 |
       Volcano |    891 |    891 |      0 |     50 |    217 |   1 |  891.0 |
        Wizlab |    777 |    777 |      0 |    277 |    210 |   1 |  777.0 |
      Gauntlet |    651 |    651 |      0 |     97 |    137 |   1 |  651.0 |
               +--------+--------+--------+--------+--------+-----+--------+

Top non-repeatable levels by time:
    D:13: 2919 daAuts
  Lair:5: 2633 daAuts
 Swamp:1: 2365 daAuts
     D:6: 2260 daAuts
    D:14: 2187 daAuts
     D:7: 2069 daAuts
    D:15: 1990 daAuts
 Swamp:2: 1982 daAuts
  Lair:2: 1967 daAuts
  Lair:3: 1905 daAuts
  Lair:6: 1859 daAuts
  Lair:1: 1763 daAuts
     D:9: 1686 daAuts
   Orc:2: 1613 daAuts
  Lair:4: 1553 daAuts
